 Dungeon Crawl Stone Soup version 0.32-a0-468-g38b2580584 (webtiles) character file.

Game seed: 423018560750360342

128 timneilson the Ruffian (level 5, -7/35 HPs)
             Began as an Octopode Shapeshifter on Feb 24, 2024.
             Mangled by a phantom (19 damage)
             ... on level 4 of the Dungeon.
             The game lasted 00:03:51 (1456 turns).

timneilson the Ruffian (Octopode Shapeshifter)      Turns: 1456, Time: 00:03:52

Health: -7/35      AC:  1    Str: 15    XL:     5   Next: 12%
Magic:  5/5        EV:  2    Int: 12    God:
Gold:   171        SH:  0    Dex: 12    Spells: 4/4 levels left

rFire   . .          .
                       - Unarmed
rCold   . . .        (no shield)
rNeg    + . .        (helmet currently unavailable)
rPois   .            (no amulet)
rElec   .            g - ring of positive energy
rCorr   .            (no ring)
SInv    .            (no ring)
Will    .....        (no ring)
Stlth   +++          (no ring)
HPRegen 0.25/turn    (no ring)
MPRegen 0.09/turn    (no ring)
                     (no ring)

%: no passive effects
@: beast-form, sleeping
A: beast (slay +2), almost no armour, amphibious, 8 rings, camouflage 1,
gelatinous body 1, (nimble swimmer 1), tentacles
a: Begin Untransformation


You were on level 4 of the Dungeon.
You were a hulking beast.
You visited 1 branch of the dungeon, and saw 3 of its levels.

You collected 171 gold pieces.

Inventory:

Jewellery
 e - the ring of Urugam {*Slow Fly rF++}
   (You found it on level 2 of the Dungeon)

   [ring of flight]

   rF++:      It greatly protects you from fire.
   Fly:       It grants you flight.
   *Slow:     It may slow you when you take damage.
 g - a ring of positive energy (left tentacle)
 h - a ring of wizardry
Talismans
 b - a beast talisman (active)
 c - a flux talisman
Scrolls
 d - a scroll of torment
 k - a scroll of fear {unknown}
 m - a scroll of blinking {unknown}
Potions
 a - a potion of lignification
 f - a potion of enlightenment {unknown}
 i - 2 potions of attraction
 j - a potion of experience {unknown}
 l - a potion of haste {unknown}
 n - a potion of might {unknown}


   Skills:
 * Level 2.3 Fighting
 * Level 2.9 Dodging
 + Level 1.9 Stealth
 * Level 3.7 Unarmed Combat
 * Level 3.6 Shapeshifting


You had 4 spell levels left.
You didn't know any spells.
Your spell library contained the following spells:

 Spells                   Type           Power      Damage    Failure   Level
 Summon Ice Beast         Ice/Summ       0%         N/A       69%         3
 Summon Mana Viper        Hex/Summ       0%         N/A       100%        5
 Monstrous Menagerie      Summ           0%         N/A       100%        7


Dungeon Overview and Level Annotations

Branches:
Dungeon (2/15)

Altars:

Shops:
D:4 :


Innate Abilities, Weirdness & Mutations

You are a hulking beast.
Your limbs bulge with bestial killing power. (Slay +2)
You cannot wear most types of armour.
You are amphibious.
You can wear up to eight rings at the same time.
Your skin changes colour to match your surroundings (Stealth+).
Your rubbery body absorbs attacks. (AC +1, EV +1)
((You are camouflaged when in or above water. (Stealth+)))
You have tentacles for arms and can constrict up to eight enemies at once.


Message History

You can access your shopping list by pressing '$'.
A ball python comes into view.
The ball python bites you. The ball python barely misses you.
You bludgeon the ball python!
You kill the ball python!
You see here a ball python corpse.
A goblin comes into view. It is wielding a +0 dagger.
The helpless goblin fails to defend itself.
You tentacle-slap the goblin.
You kill the goblin!
Things that are here:
a +0 dagger; a goblin corpse A phantom comes into view.
The helpless phantom fails to defend itself.
You tentacle-slap the phantom but do no damage.
The phantom hits you.
The phantom blinks!
You blink.
You closely miss the phantom. The phantom hits you.
You tentacle-slap the phantom. Your squeeze misses the phantom.
The phantom is lightly damaged.
The phantom hits you.
The phantom blinks!
You blink.
You closely miss the phantom.
The phantom is lightly damaged.
The phantom hits you.
The phantom blinks!
You blink.
You closely miss the phantom.
The phantom is lightly damaged.
You tentacle-slap the phantom. Your squeeze misses the phantom.
The phantom is moderately damaged.
The phantom hits you.
The phantom blinks!
You blink.
A sleepcap comes into view.
You tentacle-slap the phantom.
The phantom is moderately damaged.
The phantom hits you but does no damage.
You tentacle-slap the phantom but do no damage.
The phantom is moderately damaged.
The sleepcap releases spores at you.
You are engulfed in a cloud of soporific spores!
You fall asleep.
The phantom hits you!!
Ouch! That really hurt!
You die...

.# #.# .# #.# .#
#.# .# #.# .# #.#
#.# #.# #.#
########## ####.#
#.....Wh.# #....#
#§######f#
##)...# #§# .#
.#....####§# .#
.####......# .#
.####.#.#### .#
.##...#..## .#
.#......†.# .#
.#.######.#######


You could see a phantom and a sleepcap.

Vanquished Creatures
  An iguana (D:4)
  Robin (D:2)
  3 adders
  A ribbon worm (D:4)
  2 dart slugs
  2 endoplasms
  2 giant cockroaches (D:1)
  11 goblins
  8 hobgoblins
  3 quokkas (D:1)
  5 ball pythons
  4 bats
  4 frilled lizards
  4 kobolds
  5 rats
56 creatures vanquished.

Notes
Turn   | Place    | Note
-------+----------+-------------------------------------------
     0 | D:1      | timneilson the Octopode Shapeshifter began the quest for
                  | the Orb.
     0 | D:1      | Reached XP level 1. HP: 13/13 MP: 1/1
    80 | D:1      | Reached XP level 2. HP: 18/18 MP: 2/2
   476 | D:1      | Reached skill level 1 in Stealth
   539 | D:1      | Reached XP level 3. HP: 23/23 MP: 3/3
   791 | D:2      | Identified the ring of Urugam {*Slow Fly rF++}
   867 | D:2      | Noticed Robin
   876 | D:2      | Reached XP level 4. HP: 25/29 MP: 4/4
   878 | D:2      | Killed Robin
  1088 | D:2      | You fall into a shaft and drop 2 floors!
  1206 | D:4      | Noticed a black bear
  1206 | D:4      | Noticed a scorpion
  1336 | D:4      | Reached XP level 5. HP: 18/35 MP: 5/5
  1410 | D:4      | Found Ciebiov's Self-Published Books.
  1446 | D:4      | Noticed a phantom
  1456 | D:4      | Mangled by a phantom

Illustrated notes

Levels and vault maps discovered:
D:1:      heliophobic_arrival_enchanted_forest, layout_loops_cross,
          chequers_serial_rivers_micro_d
D:2:      layout_loops_ring, shapermc_ecumenical_altar_pompeii, st_stairs_8,
          minmay_box_of_dots, uniq_robin, uniq_jessica
D:4:      layout_basic, nicolae_custom_books, grunt_ministairs_8

Skill      XL: |  1  2  3  4 |
---------------+-------------+-----
Stealth        | 1 |  1.9
Fighting       | 2 |  2.3
Dodging        | |  2.9
Unarmed Combat | |  3.7
Shapeshifting  | |  3.6

Action                     |  1- 3 |  4- 6 || total
---------------------------+-------+-------++-------
  Melee: Unarmed           |    64 |    36 ||   100
         Constrict         |    17 |     9 ||    26
         Tentacles         |    10 |     9 ||    19
         Punch             |     3 |     1 ||     4
    Use: Scroll            |     4 |       ||     4
   Stab: Sleeping          |    11 |     3 ||    14
 Armour: Skin              |    20 |    20 ||    40
  Dodge: Dodged            |    30 |     7 ||    37

Table legend: (Time is in decaauts)
 A = Elapsed time spent in this place.
 B = Non-inter-level travel time spent in this place.
 C = Inter-level travel time spent in this place.
 D = Time resting spent in this place.
 E = Time spent auto-exploring this place.
 F = Levels seen in this place.
 G = Mean time per level.
                   A        B        C        D        E       F      G
               +--------+--------+--------+--------+--------+-----+--------+
         Total |   1451 |   1434 |     17 |    203 |    801 |   3 |  483.7 |
       Dungeon |   1451 |   1434 |     17 |    203 |    801 |   3 |  483.7 |
               +--------+--------+--------+--------+--------+-----+--------+

Top non-repeatable levels by time:
     D:1: 677 daAuts
     D:2: 408 daAuts
     D:4: 366 daAuts
